 Dungeon Crawl Stone Soup version 0.19-a0-1490-g5dd3618 (webtiles) character file.

238 epen the Poker (level 6, -3/49 HPs)
             Began as a Merfolk Monk on Sept 8, 2016.
             Was a Believer of Cheibriados.
             Slain by a black bear (6 damage)
             ... on level 4 of the Dungeon.
             The game lasted 00:04:48 (3809 turns).

epen the Poker (Merfolk Monk)                       Turns: 3809, Time: 00:04:49

Health: -3/49      AC:  6    Str: 21    XL:     6   Next: 7%
Magic:  6/6        EV: 13    Int: 15    God:    Cheibriados [**....]
Gold:   142        SH:  0    Dex: 20    Spells: 0 memorised, 5 levels left

rFire  . . .     SeeInvis .     e - +4 dagger
rCold  . . .     Gourm    .     k - +0 scale mail
rNeg   + . .     Faith    .     (no shield)
rPois  .         Spirit   .     (no helmet)
rElec  .         Dismiss  .     (no cloak)
rCorr  .         Reflect  .     (no gloves)
MR     .....     Harm     .     (no boots)
Stlth  +.........               (no amulet)
                                (no ring)
                                m - ring of positive energy

@: mighty, very slow
A: change form in water, swift swim, stealthy swim
a: Bend Time, Renounce Religion


You were on level 4 of the Dungeon.
You worshipped Cheibriados.
Cheibriados was pleased with you.
You were not hungry.

You visited 1 branch of the dungeon, and saw 4 of its levels.

You collected 142 gold pieces.

Inventory:

Hand Weapons
 a - a +0 spear
 e - a +4 dagger (weapon)
Armour
 b - a +0 robe
 k - a +0 scale mail (worn)
Jewellery
 m - a ring of positive energy (left hand)
Wands
 v - a wand of teleportation (0/9)
Scrolls
 h - a scroll of remove curse
 n - a scroll of magic mapping
Potions
 d - a potion of flight
 j - a potion of might
 l - a potion of heal wounds {unknown}
 o - a potion of berserk rage {unknown}
 u - a potion of agility {unknown}
Comestibles
 c - 4 bread rations
 g - a beef jerky
 p - a slice of pizza
 q - 4 chunks of flesh


   Skills:
 + Level 4.3 Fighting
 + Level 5.9 Polearms
 * Level 2.3 Armour
 + Level 5.2 Dodging
 - Level 2.1 Stealth


You had 5 spell levels left.
You didn't know any spells.

Dungeon Overview and Level Annotations

Branches:
Dungeon (4/15)
 Temple: D:4-7

Altars:
Cheibriados
Elyvilon
Sif Muna
Trog
Zin

Annotations:
D:4 epen's ghost, amateur SpMo


Message History

* * * LOW HITPOINT WARNING * * *
Okay, then.
Evoke which item? (* to show all) (? for menu, Esc to quit)
Okay, then.
As you read the scroll labeled XYSHAS EGREVE, it crumbles to dust.
You assume a fearsome visage.
The black bear looks frightened!
The orc priest looks frightened!
The orc looks frightened!
Epen's ghost is unaffected.
It was a scroll of fear.
Epen's ghost misses you.
You hit the black bear.
Your attack snaps the black bear out of its fear.
The black bear is lightly wounded.
Epen's ghost closely misses you.
As you read the scroll labeled ITWUDO XADIKE, it crumbles to dust.
It is a scroll of identify.
j - 2 potions of might Epen's ghost hits you.
* * * LOW HITPOINT WARNING * * *
You feel very mighty all of a sudden. The black bear bites you.
You die...

.......###
#....##
####..##
###o##
##)# #.#
#.# #h#
#@# #W#
#.# #.#
#.########
#........#
###......#
#......#
#......#


You could see a black bear, epen's ghost and an orc (fleeing).

Vanquished Creatures
  Ijyb (D:2)
  4 gnolls (D:3)
  7 adders
  An ooze (D:2)
  3 worms
  3 dart slugs
  2 giant geckos (D:3)
  14 orcs
  10 bats
  5 giant cockroaches
  9 goblins
  7 hobgoblins
  A quokka (D:3)
  4 giant newts
  4 kobolds
  5 rats
80 creatures vanquished.

Vanquished Creatures (others)
  7 toadstools (D:1)
7 creatures vanquished.

Grand Total: 87 creatures vanquished

Notes
Turn   | Place    | Note
-------+----------+-------------------------------------------
     0 | D:1      | epen the Merfolk Monk began the quest for the Orb.
     0 | D:1      | Reached XP level 1. HP: 18/18 MP: 1/1
   193 | D:1      | Reached XP level 2. HP: 7/24 MP: 2/2
   586 | D:1      | Reached skill level 1 in Armour
   755 | D:1      | Reached XP level 3. HP: 24/29 MP: 3/3
   922 | D:2      | Found a bloodstained altar of Trog.
  1044 | D:2      | Reached skill level 5 in Polearms
  1044 | D:2      | Reached XP level 4. HP: 17/37 MP: 4/4
  1362 | D:2      | Noticed Ijyb
  1654 | D:2      | Killed Ijyb
  2074 | D:3      | Reached XP level 5. HP: 26/42 MP: 5/5
  2389 | D:3      | Reached skill level 5 in Dodging
  2848 | D:3      | Found a deep blue altar of Sif Muna.
  3317 | D:3      | Reached XP level 6. HP: 32/49 MP: 6/6
  3647 | D:4      | Found a white marble altar of Elyvilon.
  3650 | D:4      | Found a snail-covered altar of Cheibriados.
  3653 | D:4      | Found a glowing silver altar of Zin.
  3657 | D:4      | Became a worshipper of Cheibriados the Contemplative
  3657 | D:4      | Reached * piety under Cheibriados
  3657 | D:4      | Reached ** piety under Cheibriados
  3783 | D:4      | Noticed a black bear
  3805 | D:4      | Noticed epen's ghost (amateur SpMo)
  3809 | D:4      | Slain by a black bear

Vault maps used:
D:1:      nagdon_arrival_double_spiral
D:2:      bloody_trog, uniq_iyjb
D:3:      marbit_many_paths
D:4:      black_bear_nest_1, kennysheep_mini, grunt_temple_overflow_diamond,
          first_bread, uniq_natasha

Skill      XL: |  1  2  3  4  5 |
---------------+----------------+-----
Armour         | 1 2 |  2.3
Polearms       | 5 |  5.9
Fighting       | 4 |  4.3
Dodging        | 5 |  5.2
Stealth        | |  2.1

Action                   |  1- 3 |  4- 6 || total
-------------------------+-------+-------++-------
Melee: Spear             |    11 |       ||    11
       Dagger            |    78 |   252 ||   330
  Use: Scroll            |       |    13 ||    13
       Potion            |       |     3 ||     3
 Stab: Sleeping          |     1 |     1 ||     2
  Eat: Chunk             |       |     4 ||     4
       Meat ration       |       |     1 ||     1
Armor: Robe              |    18 |    16 ||    34
       Scale mail        |       |    32 ||    32
Dodge: Dodged            |    60 |   157 ||   217
